 Dungeon Crawl Stone Soup version 0.30-a0-390-g80c34de65d (webtiles) character file.

Game seed: 14713120788114761799

361 Bnni the Shield-Bearer (level 6, 0/73 HPs)
             Began as a Formicid Fighter on Dec 4, 2022.
             Slain by an orc
             ... wielding a +0 club
              (1 damage)
             ... on level 4 of the Dungeon.
             The game lasted 00:05:24 (2921 turns).

Bnni the Shield-Bearer (Formicid Fighter)           Turns: 2921, Time: 00:05:24

Health: 0/73       AC: 23    Str: 23    XL:     6   Next: 99%
Magic:  15/15      EV:  2    Int:  7    God:
Gold:   160        SH: 10    Dex: 13    Spells: 5/5 levels left

rFire   . . .      SeeInvis .    a - +0 trident
rCold   . . .      Faith    .    p - +0 kite shield
rNeg    . . .      Spirit   .    (body armour currently unavailable)
rPois   +          Reflect  .    (helmet unavailable)
rElec   .          Harm     .    (cloak currently unavailable)
rCorr   .          Rampage  .    (gloves currently unavailable)
Will    .....                    (boots currently unavailable)
Stlth   +.........               q - amulet of the acrobat
HPRegen 0.32/turn                f - ring of magical power
MPRegen 0.14/turn                (no ring)

@: lethally poisoned (0 -> -1), tree-form
A: stationary, stasis, torment immunity, boosted hp, permanent stasis, dig
shafts and tunnels, (antennae 3), four strong arms
a: no special abilities


You were on level 4 of the Dungeon.
You were a tree.
You visited 1 branch of the dungeon, and saw 4 of its levels.

You collected 160 gold pieces.

Inventory:

Hand Weapons
 a - a +0 trident (weapon)
Missiles
 e - 2 throwing nets
 i - 5 poisoned darts
 x - 2 curare-tipped darts
Armour
 b - a +0 scale mail (melded)
 p - a +0 kite shield (worn)
 s - a +0 pair of gloves (melded)
 t - the +2 pair of boots of Tyhiojibbi (melded) {rF+ rN++ MP+9 Int-3}
   (You found it on level 3 of the Dungeon)

   Int:       It affects your intelligence (-3).
   rF:        It protects you from fire.
   rN:        It greatly protects you from negative energy.
   MP:        It affects your magic capacity (+9).
Jewellery
 f - a ring of magical power (left branch)
 q - an amulet of the acrobat (around neck)
Wands
 d - a wand of polymorph (10)
 g - a wand of paralysis (6)
 v - a wand of roots (8)
Scrolls
 l - a scroll of poison
 w - a scroll of brand weapon
Potions
 c - a potion of brilliance {unknown}
 h - 3 potions of attraction
 j - 2 potions of mutation {unknown}
 u - a potion of magic {unknown}


   Skills:
 + Level 4.6 Fighting
 * Level 4.6 Polearms
 - Level 3.2 Armour
 * Level 6.6 Shields


You had 5 spell levels left.
You didn't know any spells.
Your spell library contained the following spells:

 Spells                   Type           Power      Damage    Failure   Level
 Frozen Ramparts          Ice            0%         1d1       96%         3
 Ice Form                 Ice/Tmut       0%         N/A       100%        4
 Summon Ice Beast         Ice/Summ       0%         N/A       100%        4


Dungeon Overview and Level Annotations

Branches:
Dungeon (4/15)
 Temple: D:4-7

Altars:
Dithmenos


Innate Abilities, Weirdness & Mutations

You are a tree.
Your roots penetrate the ground, keeping you stationary.
You cannot be teleported.
You are immune to unholy pain and torment.
Your maximum health is greatly increased.
Your equipment is partially melded.
You cannot be hasted, slowed, berserked, paralysed or teleported.
You can dig through walls and to a lower floor.
((You have a pair of large antennae on your head. (SInv)))
Your four strong arms can wield two-handed weapons with a shield.


Message History

You feel very sick. The endoplasm freezes you.
You are frozen.
The orc hits you but does no damage. The orc barely misses you.
You puncture the orc!
You kill the orc!
You feel very sick.
The endoplasm hits you but does no damage.
You block the orc's attack. The orc closely misses you.
You block the endoplasm's attack.
You feel sick.
Things that are here:
a +1 dagger of venom; a +0 ring mail; an orc corpse You barely miss the orc.
You feel sick. You block the endoplasm's attack. You block the orc's attack.
You hit the orc.
The orc is moderately wounded.
You feel sick. The endoplasm freezes you.
You are frozen.
* * * LOW HITPOINT WARNING * * *
The orc closely misses you.
You hit the endoplasm.
The endoplasm is heavily wounded.
You feel sick. The endoplasm hits you.
* * * LOW HITPOINT WARNING * * *
The orc hits you with a +0 club.
* * * LOW HITPOINT WARNING * * *
Unknown command.
Really quaff the potion of lignification?
You turn into a tree.
Your +0 pair of gloves melds into your body.
The +2 pair of boots of Tyhiojibbi {rF+ rN++ MP+9 Int-3} melds into your body.
Your +0 scale mail melds into your body.
You feel your magic capacity decrease.
Your roots penetrate the ground.
You feel sick. The endoplasm freezes you.
You are frozen.
* * * LOW HITPOINT WARNING * * *
The orc hits you with a +0 club.
You die...

###### #..<.# .
# ##....# ..
#.#.....#
...#$##....#
#......######
#......o....#.
#...#.♣J......#
##$...........#
+.#......(.....
#.#.?........##
#....#######.#
###!# .# #. .
#.


You could see an orc and an endoplasm.

Vanquished Creatures
  A kobold brigand (D:3)
  The ghost of fly the Sneak, a weakling DgDe (D:3)
  Natasha (thrice) (D:3)
  An orc wizard (D:3)
  2 gnolls (D:1)
  2 adders (D:2)
  2 worms (D:2)
  3 dart slugs
  6 orcs
  6 ball pythons
  7 endoplasms
  3 giant cockroaches
  6 hobgoblins
  3 jackals (D:4)
  22 kobolds
  5 quokkas
  9 bats
  6 frilled lizards
  4 goblins
  4 rats
96 creatures vanquished.

Vanquished Creatures (others)
  3 fungi (D:3)
  A plant (D:3)
4 creatures vanquished.

Grand Total: 100 creatures vanquished

Notes
Turn   | Place    | Note
-------+----------+-------------------------------------------
     0 | D:1      | Bnni the Formicid Fighter began the quest for the Orb.
     0 | D:1      | Reached XP level 1. HP: 18/18 MP: 1/1
    70 | D:1      | Reached XP level 2. HP: 20/24 MP: 2/2
   207 | D:1      | Reached XP level 3. HP: 29/29 MP: 3/3
   786 | D:1      | Reached XP level 4. HP: 31/37 MP: 4/4
   808 | D:1      | Reached skill level 5 in Shields
   974 | D:1      | You fall into a shaft and drop 1 floor!
  1636 | D:2      | Reached XP level 5. HP: 26/42 MP: 5/5
  1973 | D:3      | Noticed Natasha
  1979 | D:3      | Killed Natasha
  2066 | D:3      | Found a runed translucent gate.
  2066 | D:3      | Found a runed translucent gate.
  2068 | D:3      | Noticed a kobold brigand
  2068 | D:3      | Found a runed translucent gate.
  2068 | D:3      | Noticed fly's ghost (weakling DgDe)
  2124 | D:3      | Identified the +2 pair of boots of Tyhiojibbi {rF+ rN++
                  | MP+9 Int-3}
  2265 | D:3      | Noticed Natasha
  2279 | D:3      | Killed Natasha
  2333 | D:3      | Reached XP level 6. HP: 42/48 MP: 6/6
  2417 | D:3      | Noticed Natasha
  2424 | D:3      | Killed Natasha
  2425 | D:3      | Reached skill level 6 in Shields
  2548 | D:3      | Found a shadowy altar of Dithmenos.
  2673 | D:3      | HP: 3/73 [poisoned by a kobold brigand]
  2691 | D:3      | Killed fly's ghost
  2921 | D:4      | HP: 1/73 [frozen (3)]
  2921 | D:4      | Slain by an orc

Illustrated notes

Levels and vault maps discovered:
D:1:      tarquinn_simple_flora_water_f, layout_loops_ring, serial_forest,
          infiniplex_forest_straight_2, infiniplex_forest_clump_diagonal,
          infiniplex_forest_lined_room_2, infiniplex_forest_clump_curved,
          infiniplex_forest_end_1, infiniplex_forest_clump_double,
          infiniplex_forest_lined_2, infiniplex_forest_straight_5,
          infiniplex_forest_lined_3, st_stairs_9, minmay_box_of_dots
D:2:      wad_crossroads, layout_loops_ring
D:3:      layout_basic, nicolae_dithmenos_through_a_glass_darkly,
          gammafunk_ghost_nasty_kobolds, feat_on_display, uniq_natasha
D:4:      layout_basic, vehumet_altar_wand_db, mainiacjoe_overflow_chevrons,
          dk_noncrumbling_4

Skill      XL: |  1  2  3  4  5  6 |
---------------+-------------------+-----
Polearms       | 3 4 |  4.6
Shields        | 5 6 |  6.6
Fighting       | 4 |  4.6
Armour         | |  3.2

Action                   |  1- 3 |  4- 6 || total
-------------------------+-------+-------++-------
Melee: Trident           |    84 |   237 ||   321
  Use: Potion            |       |     8 ||     8
       Scroll            |       |     4 ||     4
Armor: Scale mail        |    27 |    75 ||   102
       Skin              |       |    16 ||    16
Dodge: Dodged            |    25 |    67 ||    92
Block: Buckler           |    12 |     7 ||    19
       Kite shield       |       |    72 ||    72

Table legend: (Time is in decaauts)
 A = Elapsed time spent in this place.
 B = Non-inter-level travel time spent in this place.
 C = Inter-level travel time spent in this place.
 D = Time resting spent in this place.
 E = Time spent auto-exploring this place.
 F = Levels seen in this place.
 G = Mean time per level.
                   A        B        C        D        E       F      G
               +--------+--------+--------+--------+--------+-----+--------+
         Total |   2987 |   2905 |     82 |    156 |   2057 |   4 |  746.8 |
       Dungeon |   2987 |   2905 |     82 |    156 |   2057 |   4 |  746.8 |
               +--------+--------+--------+--------+--------+-----+--------+

Top non-repeatable levels by time:
     D:1: 1197 daAuts
     D:3: 945 daAuts
     D:2: 813 daAuts
     D:4: 30 daAuts
